Map: Frozen Temple

Players

Gracz

  • Race: Protoss Protoss
  • League: Silver

tommygun - Winner!

  • Race: Protoss Protoss
  • League: Silver

VOD

Have the link to the VOD?

Description

Time

  • Played on: Sept. 24, 2016, 9:14 a.m.
  • Length: 8:33
Show
View Real Time Build Order
Export as new Build Order

Gracz Protoss 

Build Orders:  

Get SALT Encoding   

  12  0:01  Probe (Chrono Boost)  
  13  0:14  Pylon  
  13  0:18  Probe (Chrono Boost)  
  14  0:29  Probe (Chrono Boost)  
  15  0:39  Gateway  
  15  0:50  Assimilator  
  15  0:52  Probe (Chrono Boost)  
  16  1:02  Probe (Chrono Boost), Gateway  
  17  1:13  Probe (Chrono Boost)  
  18  1:21  Pylon  
  18  1:23  Pylon  
  18  1:36  Cybernetics Core  
  18  1:44  Gateway  
  18  1:52  Gateway  
  18  2:13  Stalker  
  22  2:33  Stalker  
  22  2:40  Stalker  
  24  3:04  Gateway  
  24  3:06  Gateway  
  24  3:38  Gateway  
  20  4:41  Stalker  
  22  4:49  Assimilator  
  22  4:54  Stalker  
  22  5:04  Pylon  
  20  5:41  Stalker  
  18  5:43  Stalker  
  5  6:27  Pylon  
  3  6:54  Cybernetics Core  
  3  7:02  Gateway  
  1  7:23  Nexus  
  1  7:32  Robotics Facility  
Show
View Real Time Build Order
Export as new Build Order

tommygun Protoss - Winner!

Build Orders: Cannon Rush 

Get SALT Encoding   

  12  0:01  Probe (Chrono Boost)  
  13  0:14  Pylon  
  13  0:18  Probe (Chrono Boost)  
  14  0:34  Forge  
  14  0:39  Probe (Chrono Boost)  
  15  0:54  Gateway  
  15  1:15  Pylon  
  15  1:20  Pylon  
  15  1:26  Probe (Chrono Boost)  
  15  1:30  Assimilator  
  16  1:37  Probe (Chrono Boost)  
  16  1:39  Photon Cannon  
  17  1:42  Photon Cannon  
  17  1:50  Photon Cannon  
  17  2:03  Photon Cannon  
  17  2:06  Pylon  
  17  2:15  Probe (Chrono Boost)  
  18  2:20  Cybernetics Core  
  18  2:28  Photon Cannon  
  18  2:37  Photon Cannon  
  18  3:05  Photon Cannon  
  18  3:12  Photon Cannon  
  18  3:25  Photon Cannon  
  18  3:26  Pylon  
  18  3:47  Warp Gate  
  18  3:49  Pylon  
  18  3:53  Photon Cannon  
  18  3:57  Pylon  
  18  4:06  Zealot  
  20  4:12  Photon Cannon  
  20  4:18  Photon Cannon  
  20  4:31  Photon Cannon  
  20  4:35  Photon Cannon  
  20  4:43  Pylon  
  20  4:48  Zealot  
  22  4:56  Pylon  
  22  5:00  Assimilator  
  22  5:07  Photon Cannon  
  22  5:09  Photon Cannon  
  22  5:37  Photon Cannon  
  20  5:57  Gateway x2  
  20  6:16  Pylon  
  18  6:27  Photon Cannon  
  18  6:30  Gateway, Photon Cannon  
  18  6:39  Photon Cannon  
  18  6:41  Photon Cannon  
  18  6:47  Photon Cannon  
  18  7:05  Stalker  
  20  7:24  Stalker  
  20  7:25  Stalker  
  24  7:41  Gateway  
  24  8:05  Stalker x3  
  30  8:32  Nexus  
Tags
 
Add a new tag
Caveats
  • Supply blocks, unpowered buildings, or Contaminate may cause inaccurate times.
  • Supply counts are checked every 10 seconds.